 Dungeon Crawl Stone Soup version 0.29-a0-275-g389c0b56f3 (webtiles) character file.

Game seed: 7001290381089522049

1872 Krypt the Covert (level 8, -9/37 HPs)
             Began as a Spriggan Enchanter on Mar 10, 2022.
             Was an Initiate of Dithmenos.
             Killed from afar by an electric eel (11 damage)
             ... with a bolt of electricity
             ... on level 6 of the Dungeon on Mar 11, 2022.
             The game lasted 00:34:01 (10874 turns).

Krypt the Covert (Spriggan Enchanter)              Turns: 10874, Time: 00:34:02

Health: -9/37      AC: 10    Str:  4    XL:     8   Next: 91%
Magic:  18/18      EV: 20    Int: 16    God:    Dithmenos [......]
Gold:   205        SH:  0    Dex: 18    Spells: 8/19 levels left

rFire   . . .      SeeInvis +   m - +0 dagger (speed)
rCold   . . .      Faith    .   (no shield)
rNeg    . . .      Spirit   .   b - +0 robe
rPois   .          Reflect  .   (helmet restricted)
rElec   .          Harm     .   (no cloak)
rCorr   .          Rampage  .   (gloves unavailable)
Will    +....                   (boots unavailable)
Stlth   +++++.....              l - amulet of regeneration
HPRegen 0.92/turn               j - ring of the Tortoise {AC+8}
MPRegen 0.16/turn               (no ring)

@: very quick
A: very small, no large weapons, unfitting armour, see invisible, speed 3
a: Renounce Religion


You were on level 6 of the Dungeon.
You worshipped Dithmenos.
Dithmenos was noncommittal.
You visited 2 branches of the dungeon, and saw 7 of its levels.

You collected 205 gold pieces.

Inventory:

Hand Weapons
 a - a +1 dagger
 m - a +0 dagger of speed (weapon)
 v - a +3 short sword
 y - the +4 hand crossbow of Misery {elec, Fly rC+}
   (You found it on level 4 of the Dungeon)

   Any ammunition fired from it occasionally discharges a powerful burst of
   electricity upon striking a foe.
   rC:        It protects you from cold.
   Fly:       It grants you flight.
 z - a +1 dagger of draining
Missiles
 g - 169 stones
Armour
 b - a +0 robe (worn)
Jewellery
 j - the ring of the Tortoise (left hand) {AC+8}
   (You found it on level 2 of the Dungeon)

   [ring of protection]

   AC:        It affects your AC (+8).
 l - an amulet of regeneration (around neck)
Wands
 w - a wand of flame (7)
 B - a wand of acid (3)
Scrolls
 f - a scroll of amnesia
 n - a scroll of torment {unknown}
 o - a scroll of brand weapon {unknown}
 r - a scroll of silence {unknown}
 s - 2 scrolls of blinking {unknown}
 t - a scroll of fog {unknown}
Potions
 c - a potion of invisibility
 d - a potion of ambrosia {unknown}
 e - 2 potions of flight {unknown}
 h - a potion of attraction {unknown}
 i - 4 potions of curing
 k - a potion of heal wounds
 p - 3 potions of mutation {unknown}
 q - a potion of resistance {unknown}
 u - a potion of degeneration {unknown}
 x - a potion of lignification {unknown}
 A - a potion of might {unknown}


   Skills:
 + Level 0.9 Fighting
 + Level 4.1 Short Blades
 + Level 5.3 Dodging
 + Level 11.3 Stealth
 + Level 6.3 Spellcasting
 + Level 6.4 Hexes
 + Level 2.9 Ice Magic
 + Level 1.0 Evocations


You had 8 spell levels left.
You knew the following spells:

 Your Spells              Type           Power      Damage    Failure   Level
a - Ensorcelled Hibernat  Hex/Ice        40%        N/A       3%          2
b - Dazzling Flash        Conj/Hex       30%        N/A       11%         3
c - Tukima's Dance        Hex            25%        N/A       2%          3
d - Confusing Touch       Hex            25%        N/A       2%          3

Your spell library contained the following spells:

 Spells                   Type           Power      Damage    Failure   Level


Dungeon Overview and Level Annotations

Branches:
Dungeon (6/15)             Temple (1/1) D:5

Altars:
Ashenzari
Cheibriados
Dithmenos
Elyvilon
Fedhas
Gozag
Hepliaklqana
Kikubaaqudgha
Makhleb
Nemelex Xobeh
Okawaru
Qazlal
Ru
Sif Muna
Trog
Uskayaw
Wu Jian
Xom
Yredelemnul
Zin
The Shining One

Shops:
D:5 :


Innate Abilities, Weirdness & Mutations

You are very small and have problems with some larger weapons.
You are too small for most types of armour.
You have supernaturally acute eyesight. (SInv)
You cover ground extremely quickly. (Speed+++)


Message History

You start resting.
Your magical contamination has completely faded away.
You start resting.
HP restored.
You start resting.
Magic restored.
You start waiting.
Done waiting.
You enter the shallow water.
Moving in this stuff is going to be slow.
You open the door.
There is an open door here.
The electric eel shoots out a bolt of lightning at you!
The bolt of electricity hits the plant!
The plant begins to die.
The bolt of electricity hits you!
There is an open door here.
Unknown command.
You enter the shallow water.
Moving in this stuff is going to be slow.
You start resting.
HP restored.
The electric eel shoots out a bolt of lightning at you!
The bolt of electricity misses you.
The electric eel shoots out a bolt of lightning at you!
The bolt of electricity hits the electric eel.
The electric eel completely resists.
The bolt of electricity hits you.
There is an open door here.
The electric eel shoots out a bolt of lightning at you!
The bolt of electricity hits you!
The electric eel shoots out a bolt of lightning at you!
The bolt of electricity hits the plant!
The plant begins to die.
The bolt of electricity hits you!
The electric eel shoots out a bolt of lightning at you!
The bolt of electricity misses the electric eel.
The bolt of electricity hits you.
The electric eel shoots out a bolt of lightning at you!
The bolt of electricity hits you!
* * * LOW HITPOINT WARNING * * *
The bolt of electricity hits you!
You die...

#######
###..≈≈≈##
#####≈≈.####.##
#(..≈≈##@..##.#
#..#####.....#.#
###+ #.....#.#
#PS..≈#.#
#.....#$S.P≈#≈#
#PP.P.#.≈.:?#≈#
#!≈P..#≈≈.S≈#÷#
#.?≈≈(##≈≈≈##≈#..
#SS[≈≈######≈##..


You could see 3 electric eels.

Vanquished Creatures
  A cyclops (D:6)
  Grinder (D:5)
  Sigmund (D:4)
  Edmund (D:4)
  3 black bears
  An ice beast (D:6)
  2 scorpions
  3 hounds
  2 jellies (D:6)
  5 orc priests
  An iguana (D:6)
  2 orc wizards (D:3)
  Robin (D:4)
  7 adders
  An ufetubus (D:5)
  2 worms
  3 dart slugs
  11 orcs
  3 bats (D:1)
  8 endoplasms
  A giant cockroach (D:4)
  13 hobgoblins
  7 jackals (D:3)
  7 kobolds
  3 quokkas
  2 ball pythons
  A frilled lizard (D:1)
  6 goblins
  8 rats
107 creatures vanquished.

Vanquished Creatures (others)
  2 orcs (D:5)
  36 plants
38 creatures vanquished.

Grand Total: 145 creatures vanquished

Notes
Turn   | Place    | Note
-------+----------+-------------------------------------------
     0 | D:1      | Krypt the Spriggan Enchanter began the quest for the Orb.
     0 | D:1      | Reached XP level 1. HP: 9/9 MP: 5/5
   256 | D:1      | Found a faded altar of an unknown god.
   482 | D:1      | Reached XP level 2. HP: 13/13 MP: 6/6
   770 | D:1      | Learned a level 2 spell: Ensorcelled Hibernation
  1027 | D:2      | Found the ring of the Tortoise {AC+8}
  1387 | D:2      | Reached skill level 5 in Stealth
  1513 | D:2      | Reached XP level 3. HP: 16/16 MP: 6/8
  1635 | D:2      | Learned a level 3 spell: Dazzling Flash
  4266 | D:3      | Reached XP level 4. HP: 21/21 MP: 9/9
  4960 | D:3      | Reached XP level 5. HP: 24/24 MP: 4/11
  5679 | D:3      | Reached skill level 6 in Stealth
  6160 | D:4      | Noticed a black bear
  6306 | D:4      | Killed a black bear
  6307 | D:4      | Reached skill level 1 in Ice Magic
  6665 | D:4      | Learned a level 3 spell: Tukima's Dance
  6669 | D:4      | Learned a level 3 spell: Confusing Touch
  6835 | D:4      | Reached XP level 6. HP: 28/28 MP: 12/12
  6846 | D:4      | Noticed Sigmund
  7107 | D:4      | Killed Sigmund
  7108 | D:4      | Reached skill level 7 in Stealth
  7108 | D:4      | Reached skill level 5 in Hexes
  7179 | D:4      | Identified the +4 hand crossbow of Misery {elec, Fly rC+}
  7366 | D:4      | Noticed Robin
  7432 | D:4      | Noticed Edmund
  7439 | D:4      | Killed Edmund
  7440 | D:4      | Reached skill level 8 in Stealth
  7440 | D:4      | Reached XP level 7. HP: 32/32 MP: 2/14
  7572 | D:4      | Killed Robin
  7990 | D:5      | Entered Level 5 of the Dungeon
  8005 | D:5      | Found a staircase to the Ecumenical Temple.
  8032 | Temple   | Entered the Ecumenical Temple
  8083 | Temple   | Became a worshipper of Dithmenos the Shadowed
  8364 | D:5      | Reached skill level 9 in Stealth
  8386 | D:5      | Found Ico Esse's Book Shoppe.
  8992 | D:5      | Reached skill level 5 in Spellcasting
  8992 | D:5      | Reached XP level 8. HP: 33/37 MP: 6/16
  9121 | D:5      | Noticed Grinder
  9134 | D:5      | Killed Grinder
  9135 | D:5      | Reached skill level 10 in Stealth
  9278 | D:5      | Reached skill level 5 in Dodging
 10131 | D:6      | Reached skill level 1 in Evocations
 10710 | D:6      | Noticed a cyclops
 10720 | D:6      | Killed a cyclops
 10721 | D:6      | Reached skill level 11 in Stealth
 10874 | D:6      | Killed from afar by an electric eel

Illustrated notes

Levels and vault maps discovered:
D:1:      minmay_arrival_loop, layout_basic, basic_ecumenical_altar,
          fountainhead, grunt_decor_cap, serial_bayou_crossing
D:2:      layout_basic
D:3:      layout_loops_ring, serial_bayou, serial_bayou_pond_d,
          serial_bayou_shore_b, serial_bayou_lagoon_a, serial_bayou_lagoon_b,
          serial_bayou_lake_a, serial_bayou_shore_b, minmay_diced_spiral
D:4:      layout_loops_ring, uniq_sigmund, uniq_edmund, uniq_robin
D:5:      layout_basic, minmay_temple_entry_grid, serial_shops, shop,
          uniq_grinder
D:6:      cheibrodos_two_vegetables, layout_cave_pods, serial_shops, shop,
          grunt_decor_junction
Temple:   regret_index_temple_sigil_plot

Skill      XL: |  1  2  3  4  5  6  7  8 |
---------------+-------------------------+-----
Hexes          | 4 5 6 |  6.4
Stealth        | 5 6 8 9 11 | 11.3
Dodging        | 3 4 5 |  5.3
Spellcasting   | 3 4 5 6 |  6.3
Short Blades   | 2 3 4 |  4.1
Ice Magic      | 1 2 |  2.9
Evocations     | 1 |  1.0
Fighting       | |  0.9

Action                   |  1- 3 |  4- 6 |  7- 9 || total
-------------------------+-------+-------+-------++-------
Melee: Dagger            |   111 |   101 |    87 ||   299
       Punch             |     2 |     1 |     1 ||     4
 Cast: Ensorcelled Hiber |    17 |    49 |    18 ||    84
       Dazzling Flash    |     2 |     1 |     2 ||     5
       Tukima's Dance    |       |     1 |     1 ||     2
       Confusing Touch   |       |       |     4 ||     4
Evoke: Wand              |       |       |     4 ||     4
  Use: Scroll            |     1 |     2 |       ||     3
       Potion            |       |     1 |     3 ||     4
 Stab: Sleeping          |    21 |    31 |    17 ||    69
       Distracted        |     1 |       |       ||     1
       Invisible         |       |     1 |     1 ||     2
       Confused          |       |       |     5 ||     5
Armor: Robe              |    14 |    18 |    16 ||    48
Dodge: Dodged            |    81 |    97 |    47 ||   225

Table legend: (Time is in decaauts)
 A = Elapsed time spent in this place.
 B = Non-inter-level travel time spent in this place.
 C = Inter-level travel time spent in this place.
 D = Time resting spent in this place.
 E = Time spent auto-exploring this place.
 F = Levels seen in this place.
 G = Mean time per level.
                   A        B        C        D        E       F      G
               +--------+--------+--------+--------+--------+-----+--------+
         Total |   9039 |   8957 |     82 |   5495 |   1996 |   7 | 1291.3 |
       Dungeon |   8851 |   8786 |     65 |   5495 |   1869 |   6 | 1475.2 |
        Temple |    187 |    170 |     17 |      0 |    126 |   1 |  187.0 |
               +--------+--------+--------+--------+--------+-----+--------+

Top non-repeatable levels by time:
     D:2: 2650 daAuts
     D:3: 1808 daAuts
     D:5: 1517 daAuts
     D:4: 1344 daAuts
     D:1: 801 daAuts
     D:6: 730 daAuts
  Temple: 187 daAuts
